 Dungeon Crawl Stone Soup version 0.31-a0-175-g9f7f995f2b (webtiles) character file.

Game seed: 17258175618583057862

205 qw the Shooter (level 5, -7/33 HPs)
             Began as a Gargoyle Hunter on June 16, 2023.
             Was an Initiate of Okawaru.
             Killed by divine providence
             ... invoked by an orc priest
              (13 damage)
             ... on level 4 of the Dungeon.
             The game lasted 00:01:43 (3039 turns).

qw the Shooter (Gargoyle Hunter)                    Turns: 3039, Time: 00:01:44

Health: -7/33      AC: 12    Str: 15    XL:     5   Next: 83%
Magic:  5/5        EV: 11    Int:  9    God:    Okawaru [......]
Gold:   161        SH:  0    Dex: 15    Spells: 4/4 levels left

rFire   . . .        Y - +0 shortbow
rCold   . . .        (shield currently unavailable)
rNeg    + . .        l - +3 leather armour
rPois   inf          b - +0 helmet
rElec   +            (no cloak)
rCorr   +            (no gloves)
SInv    .            i - +0 pair of boots
Will    .....        (no amulet)
Stlth   ++           f - ring of resist corrosion
HPRegen 0.25/turn    (no ring)
MPRegen 0.09/turn

%: no passive effects
@: about to teleport
A: sickness immunity, AC +4, negative energy resistance 1, electricity
resistance, torment resistance 1, petrification resistance
a: Renounce Religion


You were on level 4 of the Dungeon.
You worshipped Okawaru.
Okawaru was noncommittal.
You visited 1 branch of the dungeon, and saw 4 of its levels.

You collected 161 gold pieces.


Innate Abilities, Weirdness & Mutations

You are immune to sickness and miasma.
Your stone body is resilient. (AC +4)
You are immune to poison.
You resist negative energy. (rN+)
You are resistant to electric shocks. (rElec)
You are resistant to unholy torment.
You are immune to petrification.


   Skills:
 - Level 4.0 Fighting
 + Level 6.0 Ranged Weapons
 - Level 1.0 Armour
 - Level 1.5 Dodging
 - Level 1.1 Stealth


You had 4 spell levels left.
You didn't know any spells.
Your spell library was empty.

Inventory:

Hand Weapons
 Y - a +0 shortbow (weapon)
Armour
 b - a +0 helmet (worn)
 i - a +0 pair of boots (worn)
 l - a +3 leather armour (worn)
Jewellery
 f - a ring of resist corrosion (left hand)
Scrolls
 e - a scroll of blinking {unknown}
 g - 2 scrolls of identify
Potions
 a - a potion of magic
 k - a potion of lignification {unknown}

Dungeon Overview and Level Annotations

Branches:
Dungeon (4/15)             Temple (0/1) D:4

Altars:
Okawaru

Annotations:
D:2 1 runed translucent door, Crazy Yiuf


Message History

The orc priest hits you from afar with a +0 trident!
The kobold hits you but does no damage.
The orc wizard hits you with a +0 dagger.
The orc priest invokes the aid of Beogh against you.
Beogh smites you! The kobold hits you but does no damage.
The orc priest miscasts a cantrip.
An ogre comes into view. It is wielding a +0 giant club.
The orc wizard completely misses you.
The orc priest hits you but does no damage. x2
The orc wizard barely misses you. The kobold closely misses you.
The orc priest closely misses you.
You feel less confused.
The orc wizard hits you but does no damage.
You hear some strange, mumbled words.
A puff of flame appears from out of thin air!
The puff of flame hits you.
The orc priest hits you but does no damage.
An endoplasm comes into view.
The orc priest hits you from afar with a +0 trident.
3038 ||| READING scroll of teleportation.
As you read the scroll of teleportation, it crumbles to dust.
You feel strangely unstable. The orc wizard casts a spell at you.
You resist with some effort.
The orc priest mumbles some strange prayers to Beogh against you.
Pain shoots through your body! The orc priest closely misses you.
The kobold throws a poisoned dart.
The poisoned dart hits you! The kobold barely misses you.
3039 ||| DRINKING potion of heal wounds.
You feel much better.
The orc wizard points at you and mumbles some strange words.
The magic dart hits you.
You hear some strange, mumbled words.
A puff of flame appears from out of thin air!
The puff of flame hits you!
The orc priest hits you with a +0 short sword.
The kobold hits you but does no damage.
The orc priest mumbles some strange prayers to Beogh against you.
Beogh smites you!
You die...

.... ..... #######
<...?##.....#
.....#......####
.........[......
.....K#........
.....o{o.......
....O.K@....#
....###o....# .
#.....##.#
#.....##.## .
###.####..#####
....###.##........#
..................#
########.#........#
#..........#


You could see an ogre, 2 orc priests, an orc wizard and 2 kobolds.

Vanquished Creatures
  An iguana (D:4)
  Natasha (thrice) (D:2)
  5 adders
  3 worms
  An orc (D:4)
  3 endoplasms
  2 giant cockroaches
  8 goblins
  3 hobgoblins
  4 kobolds (D:1)
  3 quokkas
  5 ball pythons
  4 bats
  6 frilled lizards
  6 rats
57 creatures vanquished.

Notes
Turn   | Place    | Note
-------+----------+-------------------------------------------
     0 | D:1      | qw the Gargoyle Hunter began the quest for the Orb.
     0 | D:1      | Reached XP level 1. HP: 12/12 MP: 1/1
     0 | D:1      | 0 ||| qw: Version: 0.2-a-29-g511e9b1
     0 | D:1      | 0 ||| qw: Game counter: 5898
     0 | D:1      | 0 ||| qw: Always use a shield: true
     0 | D:1      | 0 ||| qw: God list: Okawaru
     0 | D:1      | 0 ||| qw: Allow faded altars: false
     0 | D:1      | 0 ||| qw: Do Orc after D:15 true
     0 | D:1      | 0 ||| qw: Do second Lair branch before Depths: true
     0 | D:1      | 0 ||| qw: Lair rune preference: random
     0 | D:1      | 0 ||| qw: Plans: Normal, Zot:1-4, Slime:5, God:TSO, Crypt,
                  | Tomb, Abyss, Pan, Hells, Win
     0 | D:1      | 0 ||| PLANNING D:1-11
    91 | D:1      | Reached XP level 2. HP: 17/17 MP: 2/2
   587 | D:1      | 587 ||| UPGRADING to +3 leather armour.
   597 | D:1      | 597 ||| DROPPING +0 leather armour.
   598 | D:1      | 598 ||| UPGRADING to ring of resist corrosion.
   599 | D:1      | 599 ||| DROPPING +6 ring of intelligence.
   600 | D:1      | 600 ||| READING scroll labelled UGAUPR XOD BEE.
   601 | D:1      | 601 ||| READING scroll labelled FORGHIO MAALUILL.
   602 | D:1      | 602 ||| READING 2 scrolls labelled SELUKK QUSEODGHESK.
   603 | D:1      | 603 ||| READING scroll labelled PASAOS WINTUBA.
   608 | D:1      | 608 ||| READING scroll labelled KAEDGH RIPNU.
   709 | D:1      | 709 ||| DROPPING scroll of butterflies.
   726 | D:2      | Reached skill level 5 in Ranged Weapons
   726 | D:2      | Reached XP level 3. HP: 21/21 MP: 3/3
   787 | D:2      | Found a faded altar of an unknown god.
   792 | D:2      | Noticed Natasha
   802 | D:2      | Killed Natasha
   803 | D:2      | Reached skill level 3 in Fighting
   925 | D:2      | Reached XP level 4. HP: 28/28 MP: 4/4
   954 | D:2      | Found a runed translucent door.
   955 | D:2      | Noticed Crazy Yiuf
  1025 | D:2      | Found an iron altar of Okawaru.
  1026 | D:2      | 1026 ||| PLANNING OKAWARU WORSHIP
  1026 | D:2      | 1026 ||| UPGRADING to +0 helmet.
  1031 | D:2      | 1031 ||| DRINKING 2 fizzy pink potions.
  1032 | D:2      | 1032 ||| DRINKING 2 dark potions.
  1033 | D:2      | 1033 ||| READING 2 scrolls of identify.
  1033 | D:2      | 1033 ||| IDENTIFYING fizzy sapphire potion
  1034 | D:2      | 1034 ||| DROPPING potion of ambrosia.
  1035 | D:2      | 1035 ||| DROPPING potion of brilliance.
  1043 | D:2      | Became a worshipper of Warmaster Okawaru
  1044 | D:2      | 1044 ||| PLANNING D:1-11
  1187 | D:2      | Noticed Natasha
  1201 | D:2      | HP: 3/28 [cerulean imp/+2 spear[Natasha] (5)]
  1202 | D:2      | Killed Natasha
  1242 | D:2      | Noticed Natasha
  1244 | D:2      | 1244 ||| Stepping ~*~*~tactically~*~*~ (outnumbered).
  1245 | D:2      | 1245 ||| FLEEEEING.
  1249 | D:2      | Killed Natasha
  1250 | D:2      | Reached XP level 5. HP: 15/32 MP: 5/5
  1562 | D:2      | Reached skill level 6 in Ranged Weapons
  2386 | D:3      | Reached skill level 1 in Armour
  2826 | D:3      | 2826 ||| UPGRADING to +0 pair of boots.
  2831 | D:3      | 2831 ||| READING scroll labelled NOEPNE KUNKED.
  2832 | D:3      | 2832 ||| READING scroll labelled DULOEN ZAPLI.
  2833 | D:3      | 2833 ||| DRINKING 2 white potions.
  2834 | D:3      | 2834 ||| READING 2 scrolls of identify.
  2834 | D:3      | 2834 ||| IDENTIFYING fuming red potion
  2835 | D:3      | 2835 ||| DROPPING potion of degeneration.
  2904 | D:4      | Found a staircase to the Ecumenical Temple.
  3035 | D:4      | Noticed an ogre
  3037 | D:4      | HP: 8/33 [orc priest/+0 trident (4)]
  3038 | D:4      | 3038 ||| READING scroll of teleportation.
  3039 | D:4      | 3039 ||| DRINKING potion of heal wounds.
  3039 | D:4      | Killed from afar by an orc priest

Levels and vault maps discovered:
D:1:      psy_arrival_dodecagon, layout_basic, hex_medium, minmay_pentomino_z4
D:2:      layout_basic, basic_altar, hellmonk_ecumenical_altar_arch_garden,
          uniq_crazy_yiuf_cottage, uniq_natasha
D:3:      layout_basic
D:4:      layout_rooms, mainiacjoe_overflow_small_starburst,
          minmay_temple_entry_glass, serial_shops, nicolae_shop_hallway_stairs,
          uniq_sigmund, uniq_eustachio, uniq_menkaure, uniq_grinder

Skill      XL: |  1  2  3  4  5 |
---------------+----------------+-----
Ranged Weapons | 5 6 |  6.0
Fighting       | 3 4 |  4.0
Armour         | 1 |  1.0
Dodging        | |  1.5
Stealth        | |  1.1

Action                     |  1- 3 |  4- 6 || total
---------------------------+-------+-------++-------
   Fire: Shortbow          |    75 |   154 ||   229
    Use: Scroll            |     5 |     5 ||    10
         Potion            |       |     4 ||     4
 Armour: Leather armour    |    13 |    41 ||    54
  Dodge: Dodged            |    26 |    63 ||    89

Table legend:
 A = Non-vault XP
 B = Vault XP
 C = Vault XP percentage of total XP
 D = Non-vault monster count
 E = Vault monster count
 F = Vault count percentage of total count
                 A         B        C        D         E       F
            +---------+---------+-------+---------+---------+-------
      Total |     253 |      41 |  13.9 |      52 |       5 |   8.8
            +---------+---------+-------+---------+---------+-------
        D:1 |      25 |       6 |  19.4 |      17 |       4 |  19.0
        D:2 |     128 |      35 |  21.5 |      13 |       1 |   7.1
        D:3 |      54 |       0 |   0.0 |      18 |       0 |   0.0
        D:4 |      46 |       0 |   0.0 |       4 |       0 |   0.0
            +---------+---------+-------+---------+---------+-------
